 Dungeon Crawl Stone Soup version 0.24.0-125-gc4c63601f3 (webtiles) character file.

Game seed: 16812983095923539099, levelgen mode: deterministic

679 Freitmort the Conjurer (level 7, -8/36 HPs)
             Began as a Deep Elf Conjurer on Feb 17, 2020.
             Was an Initiate of Vehumet.
             Mangled by Duvessa
             ... wielding a +0 rapier
              (11 damage)
             ... on level 4 of the Dungeon on Feb 18, 2020.
             The game lasted 00:27:43 (5315 turns).

Freitmort the Conjurer (Deep Elf Conjurer)          Turns: 5315, Time: 00:27:43

Health: -8/36      AC:  4    Str:  7    XL:     7   Next: 34%
Magic:  10/19      EV: 13    Int: 20    God:    Vehumet [......]
Gold:   183        SH:  0    Dex: 15    Spells: 17/20 levels left

rFire    . . .     SeeInvis .   h - +2 short sword (drain)
rCold    . . .     Gourm    .   (no shield)
rNeg     . . .     Faith    .   a - +0 robe
rPois    .         Spirit   .   (no helmet)
rElec    .         Reflect  .   k - scarf {repulsion}
rCorr    .         Harm     .   r - +1 pair of gloves
MR       .....                  (no boots)
Stlth    +++.......             (no amulet)
HPRegen  0.12/turn              (no ring)
MPRegen  0.16/turn              (no ring)

@: repel missiles
A: no striking features
a: Renounce Religion


You were on level 4 of the Dungeon.
You worshipped Vehumet.
Vehumet was noncommittal.
You were very hungry.

You visited 2 branches of the dungeon, and saw 5 of its levels.

You collected 183 gold pieces.

Inventory:

Hand Weapons
 h - a +2 short sword of draining (weapon)
Armour
 a - a +0 robe (worn)
 k - a scarf of repulsion (worn)
 r - a +1 pair of gloves (worn)
Jewellery
 l - a cursed amulet of inaccuracy {unknown}
 q - an uncursed ring of protection from cold
Wands
 o - a wand of iceblast (8)
Scrolls
 b - 2 scrolls of remove curse
 j - a scroll of magic mapping {unknown}
 n - a scroll of teleportation
 p - a scroll of fear {unknown}
 s - a scroll of fog {unknown}
Potions
 d - 2 potions of heal wounds
 e - a potion of brilliance {unknown}
 f - 5 potions of curing
 g - a potion of haste
 i - a potion of agility
 m - a potion of flight
Comestibles
 c - 4 rations


   Skills:
 + Level 3.1 Dodging
 + Level 3.8 Stealth
 + Level 7.1 Spellcasting
 + Level 7.6 Conjurations


You had 17 spell levels left.
You knew the following spells:

 Your Spells              Type           Power        Failure   Level  Hunger
a - Magic Dart            Conj           ####         1%          1    None
b - Searing Ray           Conj           #####.       1%          2    None

Your spell library contained the following spells:

 Spells                   Type           Power        Failure   Level  Hunger
 Iskenderun's Mystic Bla  Conj           #####...     4%          4    ###....
 Dazzling Spray           Conj/Hex       ###...       6%          3    #......
 Force Lance              Conj/Tloc      ###.....     19%         4    ###....
 Fulminant Prism          Conj/Hex       ###.......   19%         4    ###....


Dungeon Overview and Level Annotations

Branches:
Dungeon (4/15)             Temple (1/1) D:4

Altars:
Cheibriados
Dithmenos
Elyvilon
Gozag
Kikubaaqudgha
Makhleb
Nemelex Xobeh
Qazlal
Sif Muna
Trog
Vehumet
Wu Jian
Xom
The Shining One

Annotations:
D:4 Duvessa, Grinder


Message History

Casting: Searing Ray (safe; 1% risk of failure)
Confirm with . or Enter, or press ? or * to list all spells.
Aiming: Searing Ray (safe; 1% risk of failure)
Press: ? - help, Shift-Dir - straight line, f/p - Duvessa
Aim: Duvessa, wielding a +0 rapier and wearing a +0 scale mail (heavily wounded, berserk, fast, unusually strong)
The searing ray hits Duvessa.
Duvessa is heavily wounded. (Press . to maintain the ray.) Duvessa hits you with a +0 rapier!
Duvessa completely misses you.
The searing ray hits Duvessa but does no damage.
Duvessa is heavily wounded.
Duvessa misses you.
The searing ray hits Duvessa.
Duvessa is severely wounded.
Duvessa hits you with a +0 rapier!
* * * LOW HITPOINT WARNING * * *
The searing ray hits Duvessa.
Duvessa is severely wounded.
You finish channeling your searing ray.
Duvessa hits you with a +0 rapier!
You die...

# #.....##.## #.#
######...####.#####.#
........##..........#
#######....##.#######
# #..###.## #.#.#.##
#### #.##.####### ...#
#.#.....)..# ##.#
#.#.######@# #.# #.#.#
#e# ##.# #.#.# #>#
##.####.#.##........#
......#.#.##.#.......#
...##.....##.#.#"##e.#
...##............# ..#
.............#.### e#
.>....#.###### #


You could see Duvessa (berserk).

Vanquished Creatures
  An orc warrior (D:4)
  An ogre (D:2)
  Dowan (D:4)
  2 orc priests (D:4)
  2 iguanas
  An orc wizard (D:4)
  A worker ant (D:4)
  A hound skeleton (D:4)
  7 gnolls (D:2)
  6 adders
  2 oozes
  5 worms
  3 dart slugs
  A leopard gecko (D:4)
  17 orcs
  12 bats
  7 giant cockroaches
  12 goblins
  11 hobgoblins
  5 jackals
  4 quokkas
  6 frilled lizards
  6 kobolds
  3 rats
117 creatures vanquished.

Notes
Turn   | Place    | Note
-------+----------+-------------------------------------------
     0 | D:1      | Freitmort the Deep Elf Conjurer began the quest for the
                  | Orb.
     0 | D:1      | Reached XP level 1. HP: 10/10 MP: 6/6
   307 | D:1      | Reached XP level 2. HP: 15/15 MP: 5/8
   740 | D:1      | Reached skill level 5 in Conjurations
  1111 | D:2      | Reached XP level 3. HP: 18/19 MP: 7/9
  1490 | D:2      | Learned a level 2 spell: Searing Ray
  1700 | D:2      | Reached XP level 4. HP: 24/24 MP: 7/11
  2231 | D:2      | Reached XP level 5. HP: 28/28 MP: 2/13
  2467 | D:2      | Noticed an ogre
  2492 | D:2      | Killed an ogre
  2492 | D:2      | Reached skill level 5 in Spellcasting
  3009 | D:3      | Reached XP level 6. HP: 29/32 MP: 10/16
  3535 | D:3      | Found an opulent altar of Gozag.
  3882 | D:4      | Found a staircase to the Ecumenical Temple.
  4026 | D:4      | Noticed Grinder
  4272 | Temple   | Entered the Ecumenical Temple
  4324 | Temple   | Became a worshipper of Vehumet
  4839 | D:4      | Noticed an orc warrior
  4928 | D:4      | Killed an orc warrior
  4928 | D:4      | Reached XP level 7. HP: 27/36 MP: 10/19
  5241 | D:4      | Noticed Dowan
  5243 | D:4      | Noticed Duvessa
  5254 | D:4      | Killed Dowan
  5315 | D:4      | Mangled by Duvessa

Levels and vault maps discovered:
D:1:      onia_arrival_mini_maze_b, layout_loops_ring
D:2:      minmay_recursive_quarters, layout_rooms
D:3:      layout_loops_ring, nicolae_gozag_seed_capital
D:4:      layout_loops_corners, minmay_temple_entry_stoned_glass, first_ration,
          uniq_grinder, uniq_duvessa
Temple:   nicolae_temple_figure_eight

Skill      XL: |  1  2  3  4  5  6  7 |
---------------+----------------------+-----
Conjurations   | 5 6 7 |  7.6
Spellcasting   | 4 5 6 7 |  7.1
Stealth        | 3 |  3.8
Dodging        | 3 |  3.1

Action                   |  1- 3 |  4- 6 |  7- 9 || total
-------------------------+-------+-------+-------++-------
 Cast: Magic Dart        |    75 |   157 |     5 ||   237
       Searing Ray       |     2 |    20 |     3 ||    25
  Use: Scroll            |       |    12 |       ||    12
  Eat: Chunk             |     2 |    10 |       ||    12
Armor: Robe              |    10 |     3 |       ||    13
Dodge: Dodged            |    18 |    17 |     4 ||    39
       Deflected         |       |     3 |     1 ||     4
